 Dungeon Crawl Stone Soup version 0.27.1-1-g398f81649c (webtiles) character file.

Game seed: 10250159816209306807

933 MisterFreud the Covert (level 8, -5/63 HPs)
             Began as a Gnoll Wanderer on Sept 20, 2021.
             Was a Believer of Sif Muna.
             Slain by a wyvern zombie (9 damage)
             ... on level 6 of the Dungeon.
             The game lasted 00:05:36 (4420 turns).

MisterFreud the Covert (Gnoll Wanderer)             Turns: 4420, Time: 00:05:37

Health: -5/63      AC:  2    Str: 11    XL:     8   Next: 11%
Magic:  12/12      EV: 12    Int: 15    God:    Sif Muna [**....]
Gold:   228        SH:  0    Dex: 11    Spells: 13/13 levels left

rFire    . . .     SeeInvis .   a - +2 short sword
rCold    . . .     Faith    .   (no shield)
rNeg     . . .     Spirit   .   c - +0 robe
rPois    .         Reflect  .   (no helmet)
rElec    .         Harm     .   (no cloak)
rCorr    .         Rampage  .   (no gloves)
Will     .....                  (no boots)
Stlth    ++++......             h - amulet of regeneration
HPRegen  1.20/turn              (no ring)
MPRegen  0.13/turn              (no ring)

@: no status effects
A: fangs 1, strong nose, distributed training
a: Renounce Religion, Channel Magic


You were on level 6 of the Dungeon.
You worshipped Sif Muna.
Sif Muna was pleased with you.
You visited 1 branch of the dungeon, and saw 6 of its levels.

You collected 228 gold pieces.

Inventory:

Hand Weapons
 a - a +2 short sword (weapon)
 d - a +0 dagger
Missiles
 q - 19 poisoned darts (quivered)
Armour
 c - a +0 robe (worn)
 o - a +0 buckler
Jewellery
 h - an amulet of regeneration (around neck)
 l - an amulet of reflection
Scrolls
 g - 4 scrolls of enchant weapon
 i - a scroll of fear
 j - a scroll of teleportation {unknown}
 k - a scroll of torment {unknown}
 m - a scroll of noise {unknown}
 r - a scroll of fog {unknown}
Potions
 b - 2 potions of lignification
 e - 3 potions of curing
 f - a potion of resistance {unknown}
 n - 3 potions of might
 p - a potion of flight {unknown}


   Skills:
 + Level 5.5 Fighting
 + Level 7.2 Short Blades
 + Level 3.0 Long Blades
 + Level 3.0 Axes
 + Level 3.0 Maces & Flails
 + Level 3.0 Polearms
 + Level 3.0 Staves
 + Level 3.0 Slings
 + Level 3.0 Bows
 + Level 3.0 Crossbows
 + Level 3.0 Throwing
 + Level 3.0 Armour
 + Level 3.0 Dodging
 + Level 8.4 Stealth
 + Level 3.0 Shields
 + Level 3.0 Unarmed Combat
 + Level 3.0 Spellcasting
 + Level 2.4 Conjurations
 + Level 2.4 Hexes
 + Level 2.4 Summonings
 + Level 2.4 Necromancy
 + Level 2.4 Translocations
 + Level 2.4 Transmutations
 + Level 2.4 Fire Magic
 + Level 2.4 Ice Magic
 + Level 2.4 Air Magic
 + Level 2.4 Earth Magic
 + Level 2.4 Poison Magic
 + Level 3.2 Invocations
 + Level 4.0 Evocations


You had 13 spell levels left.
You didn't know any spells.
Your spell library was empty.

Dungeon Overview and Level Annotations

Branches:
Dungeon (6/15)
 Temple: D:4-7

Altars:
Cheibriados
Sif Muna
Vehumet
Wu Jian
The Shining One

Annotations:
D:6 1 runed translucent door, Neebert's ghost, amateur VSFi


Innate Abilities, Weirdness & Mutations

You have very sharp teeth.
Your uncanny sense of smell can sniff out nearby items.
Your experience applies equally to all skills.


Message History

The wyvern zombie is heavily damaged.
You hit the wyvern zombie.
The wyvern zombie is heavily damaged.
The wyvern zombie bites you.
You hit the wyvern zombie but do no damage.
You punch the wyvern zombie.
The wyvern zombie is severely damaged.
The wyvern zombie barely misses you.
You barely miss the wyvern zombie. Your punch misses the wyvern zombie.
The wyvern zombie is severely damaged.
The wyvern zombie bites you!
You hit the wyvern zombie. You bite the wyvern zombie.
The wyvern zombie is severely damaged.
The wyvern zombie bites you!
You barely miss the wyvern zombie.
You bite the wyvern zombie, but do no damage.
The wyvern zombie is severely damaged.
The wyvern zombie bites you.
You completely miss the wyvern zombie.
The wyvern zombie is severely damaged.
The wyvern zombie closely misses you.
You hit the wyvern zombie but do no damage.
Your bite misses the wyvern zombie.
The wyvern zombie is severely damaged.
The wyvern zombie bites you!
You hit the wyvern zombie.
The wyvern zombie is almost destroyed.
The wyvern zombie bites you!
* * * LOW HITPOINT WARNING * * *
You hit the wyvern zombie but do no damage.
The wyvern zombie is almost destroyed.
The wyvern zombie bites you!
* * * LOW HITPOINT WARNING * * *
You barely miss the wyvern zombie.
The wyvern zombie is almost destroyed.
The wyvern zombie closely misses you.
You hit the wyvern zombie.
The wyvern zombie is almost destroyed.
The wyvern zombie bites you!
You die...

##.#.# #.#. ###.#
#.#. #.# #.#. #+# #.#
#... #.# #.# ###. #
##.####### #.# #. ...
#........# #># #.
.....#...####.#####.#
#.
...........Z@.(.....#
##
.....#)...###.#######
... #..#.# #.# .
#.##.# #.# ... ..#
#.# ###. ... ..#
###### ###


You could see a wyvern zombie.

Vanquished Creatures
  Eustachio (D:6)
  Menkaure (D:4)
  A necrophage (D:6)
  2 scorpions (D:6)
  2 water moccasin zombies (D:5)
  A water moccasin skeleton (D:6)
  2 hounds
  A bullfrog skeleton (D:5)
  An iron imp (D:3)
  An iguana (D:2)
  Natasha (twice) (D:3)
  A howler monkey skeleton (D:5)
  3 adders
  An ufetubus (D:3)
  An adder skeleton (D:4)
  6 worms
  A dart slug (D:2)
  2 orcs
  6 ball pythons
  2 bats
  4 endoplasms
  2 giant cockroaches (D:3)
  8 goblins
  9 hobgoblins
  2 jackals (D:4)
  2 quokkas
  2 frilled lizards
  7 kobolds
74 creatures vanquished.

Vanquished Creatures (others)
  2 withered plants (D:6)
2 creatures vanquished.

Grand Total: 76 creatures vanquished

Notes
Turn   | Place    | Note
-------+----------+-------------------------------------------
     0 | D:1      | MisterFreud the Gnoll Wanderer began the quest for the Orb.
     0 | D:1      | MisterFreud set off with the following items: a +2 short
                  | sword, 2 potions of lignification, a +0 robe, a +0 dagger
     0 | D:1      | Reached XP level 1. HP: 20/20 MP: 1/1
   291 | D:1      | Reached XP level 2. HP: 15/26 MP: 2/2
  1123 | D:2      | Reached XP level 3. HP: 31/31 MP: 3/3
  1332 | D:2      | Reached skill level 1 in Long Blades
  1332 | D:2      | Reached skill level 1 in Axes
  1332 | D:2      | Reached skill level 1 in Maces & Flails
  1332 | D:2      | Reached skill level 1 in Polearms
  1332 | D:2      | Reached skill level 1 in Staves
  1332 | D:2      | Reached skill level 1 in Slings
  1332 | D:2      | Reached skill level 1 in Bows
  1332 | D:2      | Reached skill level 1 in Crossbows
  1332 | D:2      | Reached skill level 1 in Throwing
  1332 | D:2      | Reached skill level 1 in Armour
  1332 | D:2      | Reached skill level 1 in Dodging
  1332 | D:2      | Reached skill level 1 in Shields
  1332 | D:2      | Reached skill level 1 in Unarmed Combat
  1332 | D:2      | Reached skill level 1 in Spellcasting
  1332 | D:2      | Reached skill level 1 in Invocations
  1332 | D:2      | Reached XP level 4. HP: 38/38 MP: 5/5
  1694 | D:2      | Found a faded altar of an unknown god.
  1729 | D:2      | You fall into a shaft and drop 1 floor!
  1754 | D:3      | Reached skill level 1 in Conjurations
  1754 | D:3      | Reached skill level 1 in Hexes
  1754 | D:3      | Reached skill level 1 in Summonings
  1754 | D:3      | Reached skill level 1 in Necromancy
  1754 | D:3      | Reached skill level 1 in Translocations
  1754 | D:3      | Reached skill level 1 in Transmutations
  1754 | D:3      | Reached skill level 1 in Fire Magic
  1754 | D:3      | Reached skill level 1 in Ice Magic
  1754 | D:3      | Reached skill level 1 in Air Magic
  1754 | D:3      | Reached skill level 1 in Earth Magic
  1754 | D:3      | Reached skill level 1 in Poison Magic
  1776 | D:3      | Found a snail-covered altar of Cheibriados.
  1928 | D:2      | Became a worshipper of Sif Muna the Loreminder
  1928 | D:2      | Reached * piety under Sif Muna
  2361 | D:3      | Noticed Natasha
  2365 | D:3      | Killed Natasha
  2366 | D:3      | Reached XP level 5. HP: 43/43 MP: 5/7
  2719 | D:3      | Noticed Natasha
  2725 | D:3      | Killed Natasha
  2915 | D:4      | Noticed Menkaure
  2925 | D:4      | Killed Menkaure
  2926 | D:4      | Reached skill level 5 in Fighting
  2926 | D:4      | Reached skill level 8 in Stealth
  2926 | D:4      | Reached XP level 6. HP: 51/51 MP: 8/8
  3106 | D:4      | Found a radiant altar of Vehumet.
  3111 | D:4      | Found a glowing golden altar of the Shining One.
  3480 | D:5      | Entered Level 5 of the Dungeon
  3507 | D:5      | Found an ornate altar of the Wu Jian Council.
  3564 | D:5      | Reached ** piety under Sif Muna
  3616 | D:6      | Found a runed translucent door.
  3617 | D:6      | Noticed Neebert's ghost (amateur VSFi)
  3658 | D:5      | Reached XP level 7. HP: 56/56 MP: 10/10
  4385 | D:6      | Noticed Eustachio
  4395 | D:6      | Killed Eustachio
  4396 | D:6      | Reached XP level 8. HP: 56/63 MP: 12/12
  4418 | D:6      | HP: 3/63 [wyvern zombie (13)]
  4420 | D:6      | Slain by a wyvern zombie

Illustrated notes

Levels and vault maps discovered:
D:1:      dpeg_arrival_rooms_a, layout_rooms, minmay_tripent
D:2:      layout_loops_ring, shapermc_ecumenical_altar_mp_vishouse,
          amcnicky_mini_rare_corridor_liquid, st_stairs_14
D:3:      layout_loops_corners, chei_slow_surprise, uniq_natasha
D:4:      layout_basic, mainiacjoe_overflow_big_doors, uniq_menkaure
D:5:      layout_rooms, mainiacjoe_overflow_concentric_impassable,
          minmay_fractal_squares_diagonal_5, uniq_prince_ribbit1
D:6:      layout_loops_corners, lemuel_coloured_pillars_altar,
          gammafunk_ghost_grave, uniq_eustachio

Skill      XL: |  1  2  3  4  5  6  7 |
---------------+----------------------+-----
Long Blades    | 1 2 3 |  3.0
Axes           | 1 2 3 |  3.0
Maces & Flails | 1 2 3 |  3.0
Polearms       | 1 2 3 |  3.0
Staves         | 1 2 3 |  3.0
Slings         | 1 2 3 |  3.0
Bows           | 1 2 3 |  3.0
Crossbows      | 1 2 3 |  3.0
Throwing       | 1 2 3 |  3.0
Armour         | 1 2 3 |  3.0
Dodging        | 1 2 3 |  3.0
Shields        | 1 2 3 |  3.0
Unarmed Combat | 1 2 3 |  3.0
Spellcasting   | 1 2 3 |  3.0
Invocations    | 1 2 3 |  3.2
Conjurations   | 1 2 |  2.4
Hexes          | 1 2 |  2.4
Summonings     | 1 2 |  2.4
Necromancy     | 1 2 |  2.4
Translocations | 1 2 |  2.4
Transmutations | 1 2 |  2.4
Fire Magic     | 1 2 |  2.4
Ice Magic      | 1 2 |  2.4
Air Magic      | 1 2 |  2.4
Earth Magic    | 1 2 |  2.4
Poison Magic   | 1 2 |  2.4
Evocations     | 3 4 |  4.0
Fighting       | 5 |  5.5
Stealth        | 8 |  8.4
Short Blades   | 7 |  7.2

Action                   |  1- 3 |  4- 6 |  7- 9 || total
-------------------------+-------+-------+-------++-------
Melee: Short sword       |    65 |   136 |    98 ||   299
       Bite              |     3 |    14 |    11 ||    28
       Punch             |       |       |     2 ||     2
  Use: Scroll            |       |     2 |     2 ||     4
 Stab: Sleeping          |     4 |    12 |     4 ||    20
Armor: Robe              |     6 |    14 |     2 ||    22
Dodge: Dodged            |    38 |    70 |    40 ||   148
